AoeStats
← ARMENIO FULL AGUA

Arena

508992835Analyzed
1v1 RM · 6d ago on Sep 25, 2026· 42m 27s· 2 players
Game mode
Random Map
Map size
Tiny (2 player)
Population
200
Speed
Normal
Resources
Standard
Victory
Conquest
Starting age
Dark Age
Ending age
Imperial Age
RankedLock teamsTeams togetherTeam positionsShared explorationLock speedFull tech treeHidden civsTurbo modeCheats
Victory
Defeat
🇦🇷 Danes · Argentina
1129
+14
🇨🇱 Khmer · Chile
1094
-14
jdv
9:45 Feudal Age
14:00 Castle Age
12:45 Double-Bit Axe
13:38 Horse Collar
16:10 Heavy Plow
19:11 Scale Barding Armor
19:17 Forging
21:31 Bloodlines
23:20 Chain Barding Armor
22:24 Light Cavalry
24:27 Iron Casting
32:27 Imperial Age
33:48 Plate Barding Armor
34:14 Blast Furnace
35:01 Hussar
37:16 Loom
37:18 Town Watch
38:10 Wheelbarrow
ARMENIO FULL AGUA
10:40 Feudal Age
14:33 Castle Age
12:41 Double-Bit Axe
13:18 Horse Collar
13:38 Gold Mining
15:30 Bow Saw
15:58 Heavy Plow
20:28 Wheelbarrow
21:53 Squires
21:39 Arson
22:01 Loom
22:02 Town Watch
23:45 Hand Cart
26:29 Fervor
26:40 Sanctity
26:34 Scale Mail Armor
26:45 Forging
29:28 Chain Mail Armor
29:51 Iron Casting
35:49 Imperial Age
34:15 Fletching
35:07 Bodkin Arrow
35:17 Hamask
37:01 Gold Shaft Mining
36:17 Stone Mining
36:56 Conscription
36:10 Capped Ram
36:34 Elite Varangian Guard
38:55 Plate Mail Armor
39:25 Blast Furnace
38:26 Bracer
38:26 Siege Ram
Connection lost

Rejoining the realm…

Still unreachable

The connection could not be restored.

Session expired

The server has moved on; the page needs a fresh start.